 Dungeon Crawl Stone Soup version 0.24-a0-380-g7ade4d1b3c (webtiles) character file.

Game seed: 3814253072985765330

37273 teofil the Severer (level 13, -1/130 HPs)
             Began as a Minotaur Berserker on June 3, 2019.
             Was a High Priest of Trog.
             Slain by a +5 glaive of chaos (30 damage)
             ... on level 5 of the Lair of Beasts.
             The game lasted 00:41:14 (15805 turns).

teofil the Severer (Minotaur Berserker)            Turns: 15805, Time: 00:41:15

Health: -1/130     AC: 12    Str: 26    XL:     13   Next: 57%
Magic:  5/14       EV: 19    Int:  4    God:    Trog [*****.]
Gold:   1341       SH:  0    Dex: 11    Spells: 12/12 levels left

rFire    + . .     SeeInvis +   (weapon currently unavailable)
rCold    x . .     Gourm    .   (shield currently unavailable)
rNeg     + + +     Faith    .   (armour currently unavailable)
rPois    +         Spirit   .   (helmet currently unavailable)
rElec    .         Reflect  .   (cloak currently unavailable)
rCorr    .         Harm     .   (gloves currently unavailable)
MR       .....                  (boots currently unavailable)
Stlth    +.........             o - amulet of regeneration
HPRegen  0.71/turn              L - ring of fire
MPRegen  0.14/turn              E - ring of see invisible

@: lethally poisoned (-1 -> -8), fungus-form (expiring), berserk cooldown,
slowed, very slow
A: tiny, (retaliatory headbutt)
a: Berserk, Trog's Hand, Brothers in Arms, Renounce Religion


You were on level 5 of the Lair of Beasts.
You worshipped Trog.
Trog was extremely pleased with you.
You were hungry.
You were a sentient fungus.
You visited 2 branches of the dungeon, and saw 17 of its levels.
You also visited: Sewer.

You collected 1341 gold pieces.

Inventory:

Hand Weapons
 Q - a +2 hand axe of chopping
 T - a +0 scimitar of flaming
 W - a +4 antimagic battleaxe (melded)
Missiles
 H - 18 boomerangs (quivered)
Armour
 a - a +0 buckler
 k - a +0 plate armour (melded)
 n - a +2 pair of gloves (melded)
 C - a +0 pair of boots (melded)
Jewellery
 o - an amulet of regeneration (around neck)
 E - a ring of see invisible (right hypha)
 L - a ring of fire (left hypha)
Wands
 l - a wand of disintegration (9)
 s - a wand of paralysis (2)
 t - a wand of random effects (34)
 y - a wand of flame (24)
 K - a wand of acid (8)
 P - a wand of digging (6)
 U - a wand of iceblast (8)
 V - a wand of enslavement (6)
 X - a wand of polymorph (9)
Scrolls
 g - 3 scrolls of fog
 j - 8 scrolls of magic mapping
 m - 6 scrolls of enchant armour
 q - 16 scrolls of identify
 u - 3 scrolls of teleportation
 w - 8 scrolls of remove curse
 G - 3 scrolls of blinking
 Z - a scroll of summoning
Potions
 b - 8 potions of curing
 e - 3 potions of haste {unknown}
 f - 2 potions of mutation {unknown}
 h - 2 potions of berserk rage {unknown}
 i - 4 potions of lignification {unknown}
 p - 8 potions of heal wounds
 r - 7 potions of might {unknown}
 z - 5 potions of brilliance {unknown}
 A - 4 potions of flight
 B - 5 potions of agility
 I - 13 potions of degeneration
 M - 2 potions of magic {unknown}
Miscellaneous
 N - a phial of floods
Comestibles
 c - 29 rations


   Skills:
 + Level 16.7 Fighting
 + Level 17.1 Axes
 + Level 2.9 Throwing
 + Level 11.8 Armour
 - Level 2.2 Dodging
 - Level 3.0 Evocations


You had 12 spell levels left.
You didn't know any spells.
Your spell library was empty.

Dungeon Overview and Level Annotations

Branches:
Dungeon (12/15)            Temple (0/1) D:7            Lair (5/6) D:9
  Swamp (0/4) Lair:4        Snake (0/4) Lair:3          Orc (0/2) D:10
  Slime: Lair:5-6

Altars:
Ashenzari
Elyvilon
Fedhas
Hepliaklqana
Kikubaaqudgha
Nemelex Xobeh
Okawaru
Qazlal
Ru
Sif Muna
Vehumet
Xom
The Shining One

Shops:
D:4 [   D:9 }


Innate Abilities, Weirdness & Mutations

((You reflexively headbutt those who attack you in melee.))
((You have a pair of horns on your head.))


Message History

You feel sick.
The +5 glaive of chaos barely misses you.
You're too terrified to move while being watched!
You are too berserk!
You're too terrified to move while being watched!
You feel sick.
You feel a strong urge to attack something.
You feel sick.
The +5 glaive of chaos hits you from afar!!
You feel sick.
The +5 glaive of chaos closely misses you.
You feel your anger nearly subside.
You are no longer berserk.
You are exhausted.
You feel yourself slow down.
You feel sick.
Your transformation is almost over.
You feel very sick.
The +5 glaive of chaos hits you from afar!!
* * * LOW HITPOINT WARNING * * *
The +5 glaive of chaos hits you from afar!!
You die...

......#.. #.......#
.....#...##.#.....##
......P.+P..........
....................
....................
.......<.........>..
.........###........
........##[#........
......#.#.('f)......
.......###/#.......#
.....## ###......##
..... P.......#
..... ......#..
#P....$...
..........
##...?.###


You could see a +5 glaive of chaos.

Vanquished Creatures
  The ghost of firegrace the Severer, a journeyman MiBe of Trog (Lair:5)
  Erica (Lair:1)
  A catoblepas (Lair:4)
  4 hydras
  3 two-headed ogres
  Pikel (D:6)
  An ugly thing (D:11)
  12 elephants
  A black mamba (Lair:2)
  A centaur skeleton (D:11)
  8 spiny frogs
  A gargoyle (D:11)
  A kobold demonologist (D:11)
  A rime drake (Lair:3)
  2 efreet
  3 komodo dragons
  A tengu conjurer (D:10)
  A hornet (D:9)
  4 bog bodies (Lair:4)
  4 slime creatures (D:11)
  3 hippogriffs
  2 wyverns
  40 yaks
  3 basilisks
  3 steam dragons (D:11)
  Menkaure (D:5)
  2 swamp worms (Lair:4)
  4 water moccasins
  9 porcupines
  5 orc warriors
  A swamp drake (D:10)
  3 ice beasts
  4 black bears
  6 sky beasts
  2 slaves (D:6)
  A necrophage (D:5)
  2 phantoms
  4 ogres
  7 wolves (Lair:3)
  11 crocodiles
  7 centaurs
  A big kobold (D:8)
  19 bullfrogs
  4 scorpions
  A wyvern skeleton (D:6)
  13 killer bees
  7 wights (D:6)
  An electric eel (Lair:4)
  2 howler monkeys (D:6)
  4 crimson imps
  2 bullfrog zombies (D:8)
  2 quasits
  10 orc priests
  2 jellies
  2 bullfrog skeletons
  6 hounds
  3 iguanas
  10 orc wizards
  6 worker ants
  Terence (D:2)
  10 gnolls
  25 adders
  5 river rats (Sewer)
  5 shadow imps
  An ooze (D:1)
  An adder zombie (D:5)
  7 worms
  5 leopard geckos
  61 orcs
  7 ball pythons
  5 giant cockroaches
  8 goblins
  8 hobgoblins
  5 jackals
  4 quokkas (D:5)
  11 bats
  6 frilled lizards
  A jackal zombie (D:7)
  22 kobolds
  A quokka skeleton (D:5)
  32 rats
  7 fungi
  A plant (Lair:1)
506 creatures vanquished.

Vanquished Creatures (collateral kills)
  3 elephants (Lair:3)
  A komodo dragon (Lair:3)
  A yak (D:9)
  A porcupine (Lair:3)
  2 wolves (Lair:3)
8 creatures vanquished.

Vanquished Creatures (others)
  12 fungi
  6 plants (Lair:3)
18 creatures vanquished.

Grand Total: 532 creatures vanquished

Notes
Turn   | Place    | Note
-------+----------+-------------------------------------------
     0 | D:1      | teofil the Minotaur Berserker began the quest for the Orb.
     0 | D:1      | Reached XP level 1. HP: 19/19 MP: 0/0
   275 | D:1      | Reached skill level 4 in Axes
   286 | D:1      | Reached XP level 2. HP: 24/27 MP: 1/1
   432 | D:1      | Reached ** piety under Trog
   483 | D:1      | Reached XP level 3. HP: 31/33 MP: 2/2
   962 | D:2      | Reached skill level 5 in Axes
  1263 | D:2      | Reached XP level 4. HP: 40/40 MP: 3/3
  1709 | D:2      | Noticed Terence
  1718 | D:2      | Killed Terence
  1718 | D:2      | Reached skill level 6 in Axes
  1951 | D:2      | Found a sparkling altar of Nemelex Xobeh.
  2431 | D:3      | Found a radiant altar of Vehumet.
  2510 | D:3      | Reached XP level 5. HP: 33/47 MP: 4/4
  2953 | D:3      | Noticed a fire elemental
  2954 | D:3      | Found a stormy altar of Qazlal.
  2955 | D:3      | Noticed a water elemental
  2955 | D:3      | Noticed an air elemental
  3028 | D:3      | Found a sacrificial altar of Ru.
  3235 | D:3      | Reached *** piety under Trog
  3235 | D:3      | Reached skill level 5 in Fighting
  3357 | D:4      | Reached skill level 7 in Axes
  3370 | D:4      | Found a glowing drain.
  3420 | Sewer    | Entered a sewer
  3473 | Sewer    | Reached XP level 6. HP: 56/56 MP: 5/5
  3681 | Sewer    | Received a gift from Trog
  3764 | Sewer    | Reached **** piety under Trog
  4122 | D:4      | Found Itetod's Armour Shop.
  4148 | D:4      | Reached skill level 1 in Throwing
  4318 | D:4      | Reached XP level 7. HP: 43/63 MP: 6/6
  4601 | D:4      | Found a shattered altar of Ashenzari.
  4608 | D:4      | Reached skill level 8 in Axes
  4887 | D:5      | Entered Level 5 of the Dungeon
  5307 | D:5      | Found a glowing golden altar of the Shining One.
  5319 | D:5      | Noticed Menkaure
  5325 | D:5      | Killed Menkaure
  5325 | D:5      | Reached skill level 5 in Armour
  5325 | D:5      | Reached XP level 8. HP: 73/73 MP: 7/7
  5501 | D:5      | Reached skill level 9 in Axes
  5979 | D:6      | Reached skill level 10 in Axes
  6065 | D:6      | Reached XP level 9. HP: 81/83 MP: 8/8
  6408 | D:6      | Found an iron altar of Okawaru.
  6511 | D:6      | Noticed Pikel
  6527 | D:6      | Killed Pikel
  6527 | D:6      | Reached skill level 10 in Fighting
  6527 | D:6      | Reached skill level 11 in Axes
  6651 | D:7      | Found a deep blue altar of Sif Muna.
  6683 | D:7      | Found a staircase to the Ecumenical Temple.
  7292 | D:8      | Got a steaming rapier
  7298 | D:8      | Identified the cursed +1 rapier of Ceeq {pain, MR+ SInv}
                  | (You found it on level 8 of the Dungeon)
  7522 | D:8      | Reached skill level 12 in Axes
  7538 | D:8      | Found a blossoming altar of Fedhas.
  7583 | D:8      | Reached ***** piety under Trog
  7586 | D:8      | Reached XP level 10. HP: 81/96 MP: 9/9
  7602 | D:8      | Found a white marble altar of Elyvilon.
  7822 | D:8      | Reached skill level 1 in Evocations
  8181 | D:9      | Found a staircase to the Lair.
  8284 | D:9      | Received a gift from Trog
  8285 | D:9      | Found Jeann's Gadget Boutique.
  8286 | D:9      | Found a hazy altar of Hepliaklqana.
  8474 | D:9      | Reached skill level 13 in Axes
  8613 | D:9      | Found an ancient bone altar of Kikubaaqudgha.
  8813 | D:10     | Entered Level 10 of the Dungeon
  9406 | D:10     | Reached XP level 11. HP: 99/107 MP: 12/12
  9431 | D:10     | Found a staircase to the Orcish Mines.
  9753 | D:10     | Reached skill level 14 in Axes
 10033 | D:11     | Noticed a two-headed ogre
 10042 | D:11     | Killed a two-headed ogre
 10525 | D:11     | Noticed a purple ugly thing
 10538 | D:11     | Killed a purple ugly thing
 10736 | D:11     | Noticed a two-headed ogre
 10743 | D:11     | Killed a two-headed ogre
 10743 | D:11     | Reached skill level 15 in Axes
 11256 | D:12     | Noticed a two-headed ogre
 11271 | D:12     | Killed a two-headed ogre
 11471 | Lair:1   | Entered Level 1 of the Lair of Beasts
 11544 | Lair:1   | Reached XP level 12. HP: 118/118 MP: 13/13
 11567 | Lair:1   | Noticed Erica
 11574 | Lair:1   | Killed Erica
 11741 | Lair:1   | You fall into a shaft and drop 1 floor!
 11771 | Lair:2   | Reached skill level 15 in Fighting
 11984 | Lair:2   | Noticed a six-headed hydra
 11994 | Lair:2   | Killed a three-headed hydra
 12042 | Lair:2   | Received a gift from Trog
 12299 | Lair:2   | Noticed a five-headed hydra
 12308 | Lair:2   | Killed a one-headed hydra
 13373 | Lair:3   | Reached skill level 16 in Axes
 13619 | Lair:3   | Reached skill level 10 in Armour
 13734 | Lair:3   | You fall into a shaft and drop 1 floor!
 13832 | Lair:4   | Reached XP level 13. HP: 117/128 MP: 4/14
 14030 | Lair:3   | Found a staircase to the Snake Pit.
 14689 | Lair:3   | Reached skill level 17 in Axes
 15571 | Lair:4   | Found a staircase to the Swamp.
 15787 | Lair:5   | Found a runed translucent door.
 15787 | Lair:5   | Found a shimmering altar of Xom.
 15787 | Lair:5   | Noticed firegrace's ghost (journeyman MiBe)
 15800 | Lair:5   | Killed firegrace's ghost
 15805 | Lair:5   | Slain by a +5 glaive of chaos

Levels and vault maps discovered:
D:1:      nicolae_arrival_somewhat_less_tricky_arrival, layout_basic,
          minmay_pentomino_p2
D:2:      layout_loops_corners, nemelex_xobeh_ov_fountains_minmay, first_ration,
          minmay_box_of_dots, uniq_terence
D:3:      layout_basic, nicolae_qazlal_style_of_elements,
          nicolae_ru_awakened_eye, vehumet_crystals
D:4:      layout_cave_pools, nicolae_overflow_crystal_walls,
          lightli_sewer_entry_pipes, serial_shops, shop
D:5:      layout_loops_cross, serial_bayou_pond_a, grunt_ministairs_1,
          tso_metal_star, uniq_menkaure
D:6:      layout_loops_ring, kennysheep_mini_moat, uniq_pikel
D:7:      minmay_evil_eye, layout_loops_ring,
          minmay_temple_entry_statues_pillars, basic_altar
D:8:      layout_rooms, lemuel_coloured_pillars_altar, elyvilon_altar_4
D:9:      layout_cave_pools, nicolae_overflow_hidden_temple,
          kiku_gazebo_pond_becter, due_lair_maze_entry_diamond, serial_shops,
          nicolae_shop_temple_entry_statues_fountains
D:10:     layout_loops_cross, erik_orc_1, special_room [special_room_orc],
          grunt_tengu_nest, lightli_fourway_metalbox
D:11:     cheibrodos_steamvent, layout_basic
D:12:     layout_basic, hex_large, uniq_gastronok
Lair:1:   layout_misc_corridors, serial_bayou_shore_b, uniq_erica
Lair:2:   layout_regular_city
Lair:3:   layout_cave_shapes, dummy_snake_entry, wad_woods_road_02
Lair:4:   layout_gridlike, nicolae_swamp_entry_splash_gauntlet
Lair:5:   layout_regular_city, ebering_ghost_xom, st_stairs_10

Skill      XL: |  1  2  3  4  5  6  7  8  9 10 11 12 13 |
---------------+----------------------------------------+-----
Axes           | 4 5 6 7 8 10 12 13 15 16 17 | 17.1
Fighting       | 4 5 6 7 9 11 13 14 16 | 16.7
Throwing       | 1 2 |  2.9
Armour         | 3 5 6 7 10 11 | 11.8
Evocations     | 3 |  3.0
Dodging        | |  2.2

Action                   |  1- 3 |  4- 6 |  7- 9 | 10-12 | 13-15 || total
-------------------------+-------+-------+-------+-------+-------++-------
Melee: Hand axe          |    69 |   212 |   330 |   559 |       ||  1170
       Headbutt          |    12 |    30 |    64 |   157 |    48 ||   311
       Battleaxe         |       |       |       |   114 |   138 ||   252
       Scimitar          |       |       |       |     7 |     9 ||    16
       Unarmed           |       |       |       |       |     5 ||     5
Throw: Stone             |     8 |       |       |       |       ||     8
       Boomerang         |       |       |       |     1 |       ||     1
Invok: Berserk           |     3 |     6 |     8 |    17 |     2 ||    36
       Trog's Hand       |     1 |     2 |       |     3 |     1 ||     7
       Brothers in Arms  |       |       |     1 |     2 |       ||     3
Evoke: Wand              |       |       |       |     6 |     3 ||     9
  Use: Scroll            |       |     1 |     5 |    13 |     1 ||    20
       Potion            |       |       |       |     1 |       ||     1
 Stab: Petrified         |       |       |       |       |     2 ||     2
       Petrifying        |       |       |       |       |     1 ||     1
  Eat: Chunk             |     3 |    13 |    19 |    31 |     4 ||    70
       Ration            |       |     1 |       |     2 |     1 ||     4
Armor: Animal skin       |    27 |    10 |       |       |       ||    37
       Scale mail        |       |    87 |   116 |    57 |       ||   260
       Chain mail        |       |       |       |   129 |       ||   129
       Plate armour      |       |       |       |   197 |   115 ||   312
Dodge: Dodged            |    41 |   110 |   144 |   268 |    59 ||   622
       Rpst.: Scimitar   |       |       |       |     1 |       ||     1

Table legend:
 A = Non-vault XP
 B = Vault XP
 C = Vault XP percentage of total XP
 D = Non-vault monster count
 E = Vault monster count
 F = Vault count percentage of total count
                 A         B        C        D         E       F
            +---------+---------+-------+---------+---------+-------
      Total |   44643 |    8605 |  16.2 |     368 |     136 |  27.0
            +---------+---------+-------+---------+---------+-------
        D:1 |      41 |       3 |   6.8 |      21 |       2 |   8.7
        D:2 |      81 |      62 |  43.4 |      23 |       5 |  17.9
        D:3 |     147 |       0 |   0.0 |      16 |       0 |   0.0
        D:4 |     488 |      55 |  10.1 |      21 |      10 |  32.3
        D:5 |     741 |     199 |  21.2 |      20 |       2 |   9.1
        D:6 |    1265 |     685 |  35.1 |      26 |       1 |   3.7
        D:7 |      62 |     205 |  76.8 |       4 |       2 |  33.3
        D:8 |    2244 |       0 |   0.0 |      38 |       0 |   0.0
        D:9 |    1729 |    1108 |  39.1 |      26 |      10 |  27.8
       D:10 |    2095 |    1738 |  45.3 |      24 |      42 |  63.6
       D:11 |    6194 |     543 |   8.1 |      39 |       3 |   7.1
       D:12 |    1972 |       0 |   0.0 |       7 |       0 |   0.0
     Lair:1 |    2419 |     934 |  27.9 |      12 |       1 |   7.7
     Lair:2 |    4963 |       0 |   0.0 |      16 |       0 |   0.0
     Lair:3 |   13297 |     339 |   2.5 |      47 |       2 |   4.1
     Lair:4 |    6905 |    1402 |  16.9 |      28 |       7 |  20.0
     Lair:5 |       0 |    1188 | 100.0 |       0 |       1 | 100.0
      Sewer |       0 |     144 | 100.0 |       0 |      48 | 100.0
            +---------+---------+-------+---------+---------+-------
